 Dungeon Crawl Stone Soup version 0.29-a0-323-g050149af67 (webtiles) character file.

Game seed: 17830010073404913075

82 GordonOverkill the Shooter (level 4, 0/27 HPs)
             Began as a Deep Elf Hunter on Apr 12, 2022.
             Shot with a sling bullet by a goblin (3 damage)
             ... on level 3 of the Dungeon.
             The game lasted 00:04:08 (1851 turns).

GordonOverkill the Shooter (Deep Elf Hunter)        Turns: 1851, Time: 00:04:08

Health: 0/27       AC:  9    Str: 10    XL:     4   Next: 21%
Magic:  6/6        EV:  9    Int: 14    God:
Gold:   51         SH:  0    Dex: 15    Spells: 3/3 levels left

rFire   . . .      SeeInvis .   a - +1 shortbow
rCold   . . .      Faith    .   (shield currently unavailable)
rNeg    . . .      Spirit   .   j - +3 scale mail of Paranoia {Rampage rPois Dex-3}
rPois   +          Reflect  .   (no helmet)
rElec   .          Harm     .   (no cloak)
rCorr   .          Rampage  +   (no gloves)
Will    .....                   (no boots)
Stlth   ..........              (no amulet)
HPRegen 0.09/turn               (no ring)
MPRegen 0.10/turn               (no ring)

@: no status effects
A: no striking features
a: no special abilities


You were on level 3 of the Dungeon.
You visited 1 branch of the dungeon, and saw 3 of its levels.

You collected 156 gold pieces.
You spent 105 gold pieces at shops.

Inventory:

Hand Weapons
 a - a +1 shortbow (weapon)
Armour
 j - the +3 scale mail of Paranoia (worn) {Rampage rPois Dex-3}
   (You found it on level 2 of the Dungeon)

   Dex:       It affects your dexterity (-3).
   rPois:     It protects you from poison.
   Rampage:   It bestows one free step when moving towards enemies.
Scrolls
 c - a scroll of immolation
 d - a scroll of teleportation
 i - a scroll of fog {unknown}
Potions
 b - a potion of mutation
 e - 2 potions of heal wounds {unknown}
 f - 2 potions of curing
 g - a potion of lignification {unknown}
 h - a potion of degeneration {unknown}


   Skills:
 + Level 2.4 Fighting
 * Level 7.0 Bows
 - Level 2.4 Dodging
 - Level 1.2 Stealth


You had 3 spell levels left.
You didn't know any spells.
Your spell library contained the following spells:

 Spells                   Type           Power      Damage    Failure   Level
 Tukima's Dance           Hex            0%         N/A       99%         3
 Passage of Golubria      Tloc           0%         N/A       100%        4
 Yara's Violent Unravell  Hex/Tmut       0%         3d3       100%        5


Dungeon Overview and Level Annotations

Branches:
Dungeon (3/15)

Altars:

Shops:
D:2 *


Message History

The orc shouts!
You shoot an arrow. The arrow closely misses the orc.
An orc comes into view. It is wielding a +0 club.
You shoot an arrow. The arrow hits the orc.
The orc is heavily wounded.
An ogre comes into view. It is wielding a +0 giant club.
You shoot an arrow. The arrow hits the orc!
You kill the orc!
An orc comes into view. It is wielding a +0 morningstar.
Your Bows skill increases to level 7!
You shoot an arrow. The arrow hits the orc!
You kill the orc!
You shoot an arrow. The arrow hits the ogre.
The ogre is lightly wounded.
You shoot an arrow. The arrow hits the ogre.
The ogre is moderately wounded.
The ogre attacks as you move away!
The ogre hits you with a +0 giant club!!
Ouch! That really hurt!
* * * LOW HITPOINT WARNING * * *
Okay, then.
Blink to where?
Press: ? - help, Dir - move target, p - ogre A goblin comes into view.
It is wielding a +0 club.
As you read the scroll of blinking, it crumbles to dust.
The goblin shouts!
The goblin unwields a +0 club.
The goblin wields a +0 hunting sling.
The goblin shoots a sling bullet.
The sling bullet barely misses you.
The goblin shoots a sling bullet.
The sling bullet closely misses you.
The goblin shoots a sling bullet.
The sling bullet closely misses you.
The goblin shoots a sling bullet.
The sling bullet hits you.
* * * LOW HITPOINT WARNING * * *
The goblin shoots a sling bullet.
The sling bullet hits you but does no damage.
The goblin shoots a sling bullet.
The sling bullet hits you but does no damage.
You see here a +0 club.
The goblin shoots a sling bullet.
The sling bullet misses you.
The goblin shoots a sling bullet.
The sling bullet hits you.
You die...

.#..# ###...##
.#))####.............
.#)......#O.###.#....
.....#.....o.......#
.####.......g......#
.# #...............#
.# #...............#
.# #...............#
.# #........)...@..#
## #.............<.#
##.............##
##.....#.....##
#############


You could see an ogre, an orc and a goblin.

Vanquished Creatures
  2 adders (D:2)
  A dart slug (D:2)
  2 orcs (D:3)
  7 endoplasms
  2 giant cockroaches (D:2)
  5 goblins
  4 hobgoblins
  2 jackals (D:1)
  3 quokkas
  3 ball pythons (D:1)
  8 bats
  2 frilled lizards
  9 kobolds
  4 rats (D:1)
54 creatures vanquished.

Notes
Turn   | Place    | Note
-------+----------+-------------------------------------------
     0 | D:1      | GordonOverkill the Deep Elf Hunter began the quest for the
                  | Orb.
     0 | D:1      | Reached XP level 1. HP: 12/12 MP: 3/3
   190 | D:1      | Reached XP level 2. HP: 17/17 MP: 4/4
   250 | D:1      | Reached skill level 6 in Bows
   353 | D:1      | Reached XP level 3. HP: 21/21 MP: 5/5
  1139 | D:2      | Identified the +3 scale mail of Paranoia {Rampage rPois
                  | Dex-3}
  1227 | D:2      | Found a faded altar of an unknown god.
  1543 | D:2      | Found Naept's General Store.
  1560 | D:2      | Bought a scroll of blinking for 105 gold pieces
  1672 | D:2      | Reached XP level 4. HP: 22/27 MP: 6/6
  1784 | D:3      | Found Zimn's Armour Emporium.
  1834 | D:3      | Noticed an ogre
  1836 | D:3      | Reached skill level 7 in Bows
  1851 | D:3      | Shot with a sling bullet by a goblin

Illustrated notes

Levels and vault maps discovered:
D:1:      lightli_arrival_statuegarden, layout_loops_ring
D:2:      layout_basic, dreamdust_ecumenical_altar_grove, serial_shops,
          shop_coins
D:3:      layout_rooms, minitemple, serial_shops, shop, grunt_decor_fettered,
          small_statue_intersection, kennysheep_flooded_box

Skill      XL: |  1  2  3  4 |
---------------+-------------+-----
Fighting       | 2 |  2.4
Bows           | 6 7 |  7.0
Dodging        | |  2.4
Stealth        | |  1.2

Action                   |  1- 3 |  4- 6 || total
-------------------------+-------+-------++-------
 Fire: Shortbow          |   124 |    19 ||   143
  Use: Scroll            |     2 |     3 ||     5
       Potion            |       |     1 ||     1
Armor: Leather armour    |     7 |       ||     7
       Scale mail        |    24 |     2 ||    26
       Ring mail         |     1 |       ||     1
Dodge: Dodged            |    28 |     4 ||    32

Table legend: (Time is in decaauts)
 A = Elapsed time spent in this place.
 B = Non-inter-level travel time spent in this place.
 C = Inter-level travel time spent in this place.
 D = Time resting spent in this place.
 E = Time spent auto-exploring this place.
 F = Levels seen in this place.
 G = Mean time per level.
                   A        B        C        D        E       F      G
               +--------+--------+--------+--------+--------+-----+--------+
         Total |   1902 |   1756 |    146 |    236 |   1096 |   3 |  634.0 |
       Dungeon |   1902 |   1756 |    146 |    236 |   1096 |   3 |  634.0 |
               +--------+--------+--------+--------+--------+-----+--------+

Top non-repeatable levels by time:
     D:1: 964 daAuts
     D:2: 862 daAuts
     D:3: 75 daAuts
